 Dungeon Crawl Stone Soup version 0.29.1-4-g47bece8355 (webtiles) character file.

Game seed: 15534249931504370109

216 concernfroge the Trooper (level 5, -9/47 HPs)
             Began as a Mummy Monk on Dec 4, 2022.
             Mangled by an orc warrior
             ... wielding a +0 glaive
              (16 damage)
             ... on level 4 of the Dungeon.
             The game lasted 00:06:20 (3395 turns).

concernfroge the Trooper (Mummy Monk)               Turns: 3395, Time: 00:06:20

Health: -9/47      AC:  9    Str: 16    XL:     5   Next: 61%
Magic:  5/5        EV:  6    Int: 15    God:
Gold:   224        SH:  0    Dex: 15    Spells: 4/4 levels left

rFire   x . .      SeeInvis .   c - +0 long sword (protect)
rCold   + . .      Faith    .   p - +0 buckler
rNeg    + + +      Spirit   .   l - +0 chain mail
rPois   ∞          Reflect  .   (no helmet)
rElec   .          Harm     .   (no cloak)
rCorr   .          Rampage  .   i - +0 pair of gloves
Will    .....                   (no boots)
Stlth   ..........              (no amulet)
HPRegen 0.15/turn               d - +6 ring of intelligence
MPRegen 0.09/turn               (no ring)

@: confused
A: cold resistance 1, negative energy resistance 3, torment resistance 2, heat
vulnerability 1, in touch with death 1, no potions
a: no special abilities


You were on level 4 of the Dungeon.
You visited 1 branch of the dungeon, and saw 4 of its levels.

You collected 224 gold pieces.

Inventory:

Hand Weapons
 c - a +0 long sword of protection (weapon)
Missiles
 b - 6 boomerangs (quivered)
 g - 5 poisoned darts
 m - 5 javelins
Armour
 i - a +0 pair of gloves (worn)
 l - a +0 chain mail (worn)
 p - a +0 buckler (worn)
Jewellery
 d - a +6 ring of intelligence (left hand)
 q - a +6 ring of dexterity
Scrolls
 a - 3 scrolls of teleportation
 e - a scroll of immolation
 f - a scroll of fog
 h - a scroll of enchant weapon {unknown}
 j - a scroll of amnesia {unknown}
 k - a scroll of fear {unknown}
 n - 4 scrolls of noise
 o - a scroll of enchant armour {unknown}


   Skills:
 + Level 6.4 Fighting
 - Level 2.4 Polearms
 - Level 2.4 Dodging
 - Level 1.5 Stealth


You had 4 spell levels left.
You didn't know any spells.
Your spell library contained the following spells:

 Spells                   Type           Power      Damage    Failure   Level
 Magic Dart               Conj           0%         1d3       100%        1
 Slow                     Hex            0%         N/A       100%        1
 Searing Ray              Conj           0%         2d4       100%        2
 Confusing Touch          Hex            0%         N/A       100%        3
 Vampiric Draining        Necr           0%         2d6       100%        3
 Fulminant Prism          Conj/Hex       0%         3d6       100%        4


Dungeon Overview and Level Annotations

Branches:
Dungeon (4/15)
 Temple: D:4-7

Altars:
Ashenzari
Hepliaklqana

Shops:
D:3 !

Annotations:
D:4 Eustachio, Menkaure


Innate Abilities, Weirdness & Mutations

You are immune to poison.
Your flesh is cold resistant. (rC+)
You are immune to negative energy. (rN+++)
You are immune to unholy pain and torment.
You are vulnerable to heat. (rF-)
You are in touch with the powers of death.
You do not drink.


Message History

Menkaure is heavily damaged.
An orc wizard comes into view. It is wielding a +0 dagger.
An orc priest comes into view. It is wielding a +0 trident of venom.
Menkaure closely misses you. You block Menkaure's attack.
You barely miss Menkaure.
Menkaure is heavily damaged.
The orc wizard points at you and mumbles some strange words.
You are confused.
Menkaure hits you!
You hit Menkaure.
Menkaure is severely damaged.
The orc wizard points at you and mumbles some strange words.
You are more confused.
The orc warrior hits you from afar with a +0 glaive!
Menkaure hits you but does no damage.
You hit Menkaure but do no damage.
Menkaure is severely damaged.
The orc warrior hits you from afar with a +0 glaive!
Menkaure hits you!
You are too confused!
You are too confused!
You bump into the rock wall.
The orc warrior hits you from afar with a +0 glaive!
* * * LOW HITPOINT WARNING * * *
The scorpion stings you but does no damage.
Menkaure hits you but does no damage. The scorpion attacks as you move away!
The scorpion stings you.
* * * LOW HITPOINT WARNING * * *
The orc priest completely misses you. The orc warrior barely misses you.
You bump into the rock wall.
The orc priest miscasts a cantrip.
The orc warrior hits you from afar with a +0 glaive.
* * * LOW HITPOINT WARNING * * *
Menkaure hits you.
* * * LOW HITPOINT WARNING * * *
The scorpion stings you but does no damage.
The scorpion barely misses you.
The orc priest casts a cantrip, but nothing happens.
The orc warrior hits you with a +0 glaive!
You die...

#.# #.# #.# . #.#####.#
#.# #≈≈.. .....##.# #.#
≈≈... #.##.##.# ####.#
≈≈.... ..##.##.####....#
≈..).≈
#...............##≈...$≈
#.##########.....o.....≈
#....).# ##.#sMoB....≈
######.# #.#.@#≈....≈
#.# #.####≈....≈ #.# #.#
≈.... ####.# #.# ≈≈!..
#....# #.# ≈≈.. #.####
#.#### #≈≈. #.#
#....##### #.#
###..[.†...## #.#
###......####.####++#


You could see an orc warrior, Menkaure, a scorpion, an orc priest and a giant
cockroach.

Vanquished Creatures
  A howler monkey (D:2)
  An iguana (D:4)
  An orc wizard (D:3)
  3 adders
  A gnoll (D:1)
  A dart slug (D:2)
  5 orcs
  9 bats
  5 endoplasms
  4 giant cockroaches
  7 goblins
  10 hobgoblins
  4 jackals
  2 quokkas
  9 ball pythons
  7 frilled lizards
  3 kobolds
  8 rats
81 creatures vanquished.

Vanquished Creatures (others)
  A plant (D:3)
1 creature vanquished.

Grand Total: 82 creatures vanquished

Notes
Turn   | Place    | Note
-------+----------+-------------------------------------------
     0 | D:1      | concernfroge the Mummy Monk began the quest for the Orb.
     0 | D:1      | Reached XP level 1. HP: 18/18 MP: 1/1
   365 | D:1      | Reached XP level 2. HP: 24/24 MP: 2/2
   556 | D:1      | Found a faded altar of an unknown god.
   662 | D:1      | Reached skill level 4 in Fighting
   735 | D:1      | Gained mutation: You are in touch with the powers of death.
                  | [Mummy growth]
   735 | D:1      | Reached XP level 3. HP: 9/31 MP: 3/3
  1335 | D:2      | Reached skill level 5 in Fighting
  1335 | D:2      | Reached XP level 4. HP: 29/39 MP: 4/4
  2248 | D:3      | Reached XP level 5. HP: 45/46 MP: 5/5
  2318 | D:3      | Found Qeph's Distillery.
  2361 | D:3      | Found a broken altar of Ashenzari.
  2720 | D:3      | Found a hazy altar of Hepliaklqana.
  2762 | D:3      | Reached skill level 6 in Fighting
  2820 | D:4      | Noticed Eustachio
  3384 | D:4      | Noticed Menkaure
  3385 | D:4      | Noticed an orc warrior
  3395 | D:4      | Mangled by an orc warrior

Illustrated notes

Levels and vault maps discovered:
D:1:      amcnicky_arrival_abandoned_market, layout_basic,
          hellmonk_ecumenical_altar_leap_of_faith, chequers_jeans,
          minmay_pentomino_z4
D:2:      layout_loops_ring, minmay_small_reverse_x
D:3:      layout_rooms, mainiacjoe_overflow_big_doors, serial_shops,
          nicolae_shop_advertising_works [nicolae_subvault_shop_adworks],
          hex_tiny, grunt_ministairs_8
D:4:      layout_loops_ring, pdpol_wu_jian_five_deadly_venoms,
          kennysheep_big_empty_room, uniq_eustachio, uniq_menkaure, uniq_natasha

Skill      XL: |  1  2  3  4  5 |
---------------+----------------+-----
Fighting       | 4 5 6 |  6.4
Polearms       | |  2.4
Dodging        | |  2.4
Stealth        | |  1.5

Action                   |  1- 3 |  4- 6 || total
-------------------------+-------+-------++-------
Melee: Spear             |   101 |       ||   101
       Flail             |    24 |    57 ||    81
       Long sword        |       |   128 ||   128
Throw: Dart              |       |     2 ||     2
       Boomerang         |       |     7 ||     7
  Use: Scroll            |       |     4 ||     4
 Stab: Sleeping          |     1 |       ||     1
Armor: Ring mail         |    31 |    17 ||    48
       Chain mail        |       |   179 ||   179
Dodge: Dodged            |    65 |   112 ||   177
Block: Buckler           |       |    17 ||    17
